 Dungeon Crawl Stone Soup version 0.29-a0-732-g3d7fbe0af2 (webtiles) character file.

Game seed: 11094177876701013027

1180 mdonais the Shooter (level 8, 0/57 HPs)
             Began as an Octopode Hunter on June 29, 2022.
             Was an Initiate of Okawaru.
             Killed from afar by an orc wizard (5 damage)
             ... with a magic dart
             ... on level 5 of the Dungeon.
             The game lasted 00:16:03 (5422 turns).

mdonais the Shooter (Octopode Hunter)               Turns: 5422, Time: 00:16:04

Health: 0/57       AC:  1    Str: 16    XL:     8   Next: 42%
Magic:  8/8        EV: 18    Int: 12    God:    Okawaru [......]
Gold:   266        SH:  0    Dex: 17    Spells: 7/7 levels left

rFire   . . .      SeeInvis .   a - +0 shortbow (freeze)
rCold   . . .      Faith    .   (shield currently unavailable)
rNeg    . . .      Spirit   .   (helmet restricted)
rPois   .          Reflect  .   (no amulet)
rElec   .          Harm     .   b - +6 ring of strength
rCorr   .          Rampage  .   h - +4 ring of evasion
Will    .....                   (no ring)
Stlth   ++++......              (no ring)
HPRegen 0.19/turn               (no ring)
MPRegen 0.11/turn               (no ring)
                                (no ring)
                                (no ring)

@: attractive, hasted, very quick
A: almost no armour, amphibious, 8 rings, camouflage 1, gelatinous body 1,
(nimble swimmer 1), tentacles
a: Renounce Religion


You were on level 5 of the Dungeon.
You worshipped Okawaru.
Okawaru was noncommittal.
You visited 2 branches of the dungeon, and saw 7 of its levels.

You collected 266 gold pieces.

Inventory:

Hand Weapons
 a - a +0 shortbow of freezing (weapon)
 e - a +0 rapier of venom
   (You found it on level 4 of the Dungeon)
 f - a +0 dagger
   (You took it off a goblin on level 1 of the Dungeon)
Missiles
 c - 58 stones
 v - 4 javelins
 Z - 3 throwing nets {=!f}
Jewellery
 b - a +6 ring of strength (left tentacle)
   (You found it on level 1 of the Dungeon)
 h - a +4 ring of evasion (right tentacle)
   (You found it on level 4 of the Dungeon)
 q - a ring of fire
   (You took it off a gnoll on level 3 of the Dungeon)
Scrolls
 d - a scroll of brand weapon
 i - a scroll of summoning {unknown}
 j - a scroll of poison {unknown}
 k - a scroll of amnesia {unknown}
 n - a scroll of acquirement {unknown}
 s - a scroll of noise
 B - a scroll of blinking
 M - a scroll of magic mapping
 T - 4 scrolls of teleportation
Potions
 g - 3 potions of brilliance
 l - a potion of flight
 m - a potion of attraction
 t - a potion of berserk rage {unknown}
 u - a potion of magic {unknown}
 H - a potion of haste
 Q - a potion of curing


   Skills:
 * Level 6.2 Fighting
 * Level 7.1 Ranged Weapons
 - Level 1.0 Throwing
 + Level 3.6 Dodging
 - Level 5.2 Stealth
 + Level 0.9 Invocations


You had 7 spell levels left.
You didn't know any spells.
Your spell library contained the following spells:

 Spells                   Type           Power      Damage    Failure   Level
 Foxfire                  Conj/Fire      0%         2x1d4     32%         1
 Freeze                   Ice            0%         1d3       32%         1
 Conjure Flame            Conj/Fire      0%         6-21      69%         3
 Frozen Ramparts          Ice            0%         1d2       69%         3
 Ignite Poison            Fire/Tmut/Pois 0%         N/A       69%         3
 Anguish                  Hex/Necr       0%         N/A       97%         4
 Hailstorm                Conj/Ice       0%         3d3       97%         4
 Sticky Flame             Conj/Fire      0%         2d3       97%         4
 Iskenderun's Battlesphe  Conj           0%         2d6       100%        5
 Enfeeble                 Hex            0%         N/A       100%        7
 Borgnjor's Revivificati  Necr           0%         N/A       100%        8
 Necromutation            Tmut/Necr      0%         N/A       100%        8
 Death's Door             Necr           0%         N/A       100%        9
 Summon Guardian Golem    Hex/Summ       Unusable   N/A       N/A         3

Dungeon Overview and Level Annotations

Branches:
Dungeon (6/15) Zot: 26658  Temple (1/1) D:5 Zot: 5688

Altars:
Cheibriados
Elyvilon
Fedhas
Gozag
Hepliaklqana
Kikubaaqudgha
Makhleb
Nemelex Xobeh
Okawaru
Qazlal
Ru
Trog
Uskayaw
Vehumet
Wu Jian
Yredelemnul
The Shining One

Shops:
D:3 (   D:6 [

Annotations:
D:1 2 transporters
D:3 Grinder


Innate Abilities, Weirdness & Mutations

You cannot wear most types of armour.
You are amphibious.
You can wear up to eight rings at the same time.
Your skin changes colour to match your surroundings (Stealth+).
Your rubbery body absorbs attacks. (AC +1, EV +1)
((You are camouflaged when in or above water. (Stealth+)))
You have tentacles for arms and can constrict up to eight enemies at once.


Message History

Press: ? - help, Q - select action, (/) - cycle Shift-Dir - straight line, f/p - ice beast
Aim: an ice beast (almost dead)
You shoot an arrow. The arrow hits the ice beast.
You kill the ice beast!
Okawaru accepts your kill.
Your Fighting skill increases to level 6!
Your Ranged Weapons skill increases to level 7!
There is a stone staircase leading up here.
You climb upwards.
There is a stone staircase leading down here.
You start resting.
You start to feel less resistant.
You regained 6 hp, and now have 23/57 hp.
You start resting.
Your resistance to elements expires.
You start resting.
HP restored.
Health restored: 57 You climb downwards.
There is a stone staircase leading up here.
You shoot an arrow. The arrow hits the bullfrog!
The arrow freezes the bullfrog.
The bullfrog is heavily wounded.
You shoot an arrow. The arrow closely misses the bullfrog.
No target in view!
You shoot an arrow. The arrow hits the bullfrog.
The arrow freezes the bullfrog.
The bullfrog is severely wounded.
You shoot an arrow. The arrow closely misses the bullfrog.
The bullfrog misses you. The bullfrog closely misses you.
You shoot an arrow. The arrow barely misses the bullfrog.
The bullfrog completely misses you.
You shoot an arrow. The arrow misses the bullfrog.
The bullfrog closely misses you. The bullfrog hits you.
You take 1 damage, and have 56/57 hp.
You shoot an arrow. The arrow hits the bullfrog!
The bullfrog seems to slow down.
The arrow freezes the bullfrog.
You kill the bullfrog!
Okawaru accepts your kill.
Health restored: 57 No target in view!
An orc wizard and an orc come into view.
Found a fuming silvery potion.
The orc wizard shouts!
An orc comes into view. It is wielding a +0 whip.
The orc wizard gestures wildly while chanting.
The orc wizard flickers and vanishes!
Deactivating autopickup; reactivate with Ctrl-A.
An orc wizard comes into view. It is wielding a +0 dagger.
An orc comes into view. It is wielding a +0 mace.
There is a stone staircase leading up here.
You shoot an arrow. The arrow hits the orc.
The arrow freezes the orc.
The orc is heavily wounded.
You shoot an arrow. The arrow closely misses the orc.
A magic dart appears from out of thin air!
The magic dart hits you!
You take 8 damage, and have 49/57 hp.
You shoot an arrow.
The arrow hits the orc but does no damage.
The orc is heavily wounded.
The orc hits you with a +0 whip.
You take 5 damage, and have 44/57 hp.
You shoot an arrow.
The arrow hits the orc but does no damage.
The orc is heavily wounded.
The orc misses you. Something barely misses you. Something hits you.
The orc misses you.
You take 2 damage, and have 42/57 hp.
The orc closely misses you. Something hits you.
You climb upwards.
Reactivating autopickup.
There is a stone staircase leading down here.
You take 4 damage, and have 38/57 hp.
Fire: a) +0 shortbow (freeze)
Press: ? - help, Q - select action, (/) - cycle Shift-Dir - straight line, f - orc
Aim: an orc, wielding a +0 whip and wearing a +0 leather armour (heavily wounded)
You shoot an arrow. The arrow hits the orc.
The arrow freezes the orc.
The orc is severely wounded.
The orc hits you with a +0 whip.
You take 2 damage, and have 36/57 hp.
Fire: a) +0 shortbow (freeze)
Press: ? - help, Q - select action, (/) - cycle Shift-Dir - straight line, f/p - orc
Aim: an orc, wielding a +0 whip and wearing a +0 leather armour (severely wounded)
You shoot an arrow. The arrow hits the orc!
The arrow freezes the orc.
You kill the orc!
Okawaru accepts your kill.
Fire: a) +0 shortbow (freeze)
Press: ? - help, Q - select action, (/) - cycle Shift-Dir - straight line, f - you
Okay, then.
Deactivating autopickup; reactivate with Ctrl-A.
You miss something. Something hits you.
You take 3 damage, and have 34/57 hp.
Fire: a) +0 shortbow (freeze)
Press: ? - help, Q - select action, (/) - cycle Shift-Dir - straight line You shoot an arrow.
Something hits you. x2
You take 5 damage, and have 29/57 hp.
Fire: a) +0 shortbow (freeze)
Press: ? - help, Q - select action, (/) - cycle Shift-Dir - straight line You shoot an arrow.
You hear some strange, mumbled words.
A magic dart appears from out of thin air!
The magic dart hits you!
You take 7 damage, and have 22/57 hp.
Fire: a) +0 shortbow (freeze)
Press: ? - help, Q - select action, (/) - cycle Shift-Dir - straight line You shoot an arrow.
You hear some strange, mumbled words.
A puff of flame appears from out of thin air!
The puff of flame misses you.
Fire: a) +0 shortbow (freeze)
Press: ? - help, Q - select action, (/) - cycle Shift-Dir - straight line You shoot an arrow.
Something hits you.
You take 2 damage, and have 20/57 hp.
Fire: a) +0 shortbow (freeze)
Press: ? - help, Q - select action, (/) - cycle Shift-Dir - straight line You shoot an arrow.
You hear some strange, mumbled words.
A puff of flame appears from out of thin air!
The puff of flame hits you!
* * * LOW HITPOINT WARNING * * *
You take 10 damage, and have 10/57 hp.
You feel better.
You hear some strange, mumbled words.
A puff of flame appears from out of thin air!
The puff of flame hits you.
* * * LOW HITPOINT WARNING * * *
It was a potion of attraction.
You feel attractive to monsters. Something hits you.
* * * LOW HITPOINT WARNING * * *
You take 2 damage, and have 8/57 hp.
You feel yourself speed up. Something hits you.
* * * LOW HITPOINT WARNING * * *
You take 4 damage, and have 4/57 hp.
Fire: a) +0 shortbow (freeze)
Press: ? - help, Q - select action, (/) - cycle Shift-Dir - straight line
Okay, then.
Unknown command.
Blink to where?
Press: ? - help, Dir - move target
As you read the scroll of blinking, it crumbles to dust.
Something is attracted toward you. Something is attracted toward you.
Something is attracted toward you. Something is attracted toward you.
A magic dart appears from out of thin air!
The magic dart hits you.
You die...

#..##.#############
#.P#...#..........##
#....>.............###
##P#...#P.............
####.##...)..........
#.P.................
#.#.#...............
#.#.................
#..@#..............#
###.##............##
#{###..........###
#.############)#..
#######§...#### #)).#
#.......[.....# ####..##
#......§..###.# #......#
#.............###.......
#.........##............


There were no monsters in sight!

Vanquished Creatures
  Sigmund (D:2)
  A water moccasin (D:5)
  2 ogres (D:5)
  An ice beast (D:6)
  A centaur (D:3)
  A phantom (D:5)
  A bullfrog (D:6)
  A scorpion (D:5)
  2 orc priests (D:5)
  2 iguanas (D:5)
  10 gnolls
  7 adders
  2 ufetubi (D:5)
  A worm (D:3)
  A dart slug (D:2)
  7 orcs
  6 endoplasms
  4 giant cockroaches
  4 goblins
  5 hobgoblins
  4 jackals (D:1)
  6 quokkas
  10 ball pythons
  6 bats
  11 kobolds
  5 rats
102 creatures vanquished.

Vanquished Creatures (others)
  4 plants (D:5)
4 creatures vanquished.

Grand Total: 106 creatures vanquished

Notes
Turn   | Place    | Note
-------+----------+-------------------------------------------
     0 | D:1      | mdonais the Octopode Hunter began the quest for the Orb.
     0 | D:1      | Reached XP level 1. HP: 14/14 MP: 1/1
    33 | D:1      | Reached XP level 2. HP: 19/19 MP: 2/2
    37 | D:1      | Found a faded altar of an unknown god.
    88 | D:1      | Upgraded the game from 0.29-a0-730-g5686a2c4f1 to
                  | 0.29-a0-732-g3d7fbe0af2
   388 | D:1      | Reached XP level 3. HP: 14/25 MP: 3/3
   924 | D:2      | Noticed Sigmund
   928 | D:2      | Killed Sigmund
   929 | D:2      | Reached skill level 5 in Ranged Weapons
   929 | D:2      | Reached XP level 4. HP: 33/33 MP: 4/4
   929 | D:2      | Reached XP level 5. HP: 37/37 MP: 5/5
  1620 | D:2      | Reached XP level 6. HP: 43/43 MP: 6/6
  1739 | D:3      | Found Cufoet Gupe's Weapon Shoppe.
  1793 | D:3      | Reached skill level 5 in Stealth
  2692 | D:3      | Noticed Grinder
  2698 | D:3      | Paralysed by Grinder for 4 turns
  3823 | D:5      | Entered Level 5 of the Dungeon
  3851 | D:5      | Reached XP level 7. HP: 49/49 MP: 7/7
  4121 | D:5      | Got the Papyrus of Lethal Beguiling
  4160 | D:5      | Reached skill level 6 in Ranged Weapons
  4268 | D:5      | Reached skill level 5 in Fighting
  4268 | D:5      | Reached skill level 1 in Throwing
  4430 | D:5      | Reached XP level 8. HP: 35/56 MP: 8/8
  4674 | D:5      | Found a staircase to the Ecumenical Temple.
  4683 | Temple   | Entered the Ecumenical Temple
  4972 | Temple   | Became a worshipper of Warmaster Okawaru
  5087 | D:6      | Found Noudwalu's Armour Emporium.
  5153 | D:6      | Reached skill level 7 in Ranged Weapons
  5422 | D:5      | Killed from afar by an orc wizard

Illustrated notes

Levels and vault maps discovered:
D:1:      spicycebolla_arrival_transporter_tutorial, layout_loops_cross,
          hellmonk_ecumenical_altar_slurped_away
D:2:      layout_basic, uniq_sigmund
D:3:      layout_basic, zin_angel, serial_shops,
          nicolae_shop_bloodbath_and_beyond, shop, nicolae_shop_behind_doors,
          uniq_grinder
D:4:      layout_basic, kennysheep_generic_room_16
D:5:      layout_rooms, minmay_temple_entry_gardened_gates,
          minmay_misc_feat_doors
D:6:      layout_rooms, serial_shops, shop_fountains, shop_statue,
          kennysheep_mini, feat_on_display
Temple:   mainiacjoe_temple_big_plus

Skill      XL: |  1  2  3  4  5  6  7  8 |
---------------+-------------------------+-----
Stealth        | 2 4 5 |  5.2
Fighting       | 3 4 5 6 |  6.2
Ranged Weapons | 5 6 7 |  7.1
Throwing       | 1 |  1.0
Dodging        | 3 |  3.6
Invocations    | |  0.9

Action                   |  1- 3 |  4- 6 |  7- 9 || total
-------------------------+-------+-------+-------++-------
Melee: Dagger            |       |     3 |       ||     3
       Tentacles         |       |     1 |       ||     1
       Shortbow          |       |       |     1 ||     1
 Fire: Shortbow          |    66 |   160 |   130 ||   356
  Use: Potion            |     1 |     2 |     4 ||     7
       Scroll            |     1 |     9 |     2 ||    12
 Stab: Sleeping          |       |     1 |       ||     1
Armor: Skin              |    31 |     6 |     8 ||    45
Dodge: Dodged            |    16 |    50 |    63 ||   129

Table legend: (Time is in decaauts)
 A = Elapsed time spent in this place.
 B = Non-inter-level travel time spent in this place.
 C = Inter-level travel time spent in this place.
 D = Time resting spent in this place.
 E = Time spent auto-exploring this place.
 F = Levels seen in this place.
 G = Mean time per level.
                   A        B        C        D        E       F      G
               +--------+--------+--------+--------+--------+-----+--------+
         Total |   5482 |   5222 |    260 |   1789 |   2415 |   7 |  783.1 |
       Dungeon |   5170 |   4964 |    206 |   1789 |   2168 |   6 |  861.7 |
        Temple |    311 |    257 |     54 |      0 |    247 |   1 |  311.0 |
               +--------+--------+--------+--------+--------+-----+--------+

Top non-repeatable levels by time:
     D:3: 1160 daAuts
     D:4: 1092 daAuts
     D:5: 1006 daAuts
     D:1: 926 daAuts
     D:2: 902 daAuts
  Temple: 311 daAuts
     D:6: 82 daAuts
